AoeStats
← CC呀是白日梦想家

Nomad

508717812Analyzed
4v4 RM · 9d ago on Sep 23, 2026· 38m 32s· 8 players
Game mode
Random Map
Map size
231×231
Population
200
Speed
Normal
Resources
Standard
Victory
Conquest
Starting age
Dark Age
Ending age
Imperial Age
RankedLock teamsTeams togetherTeam positionsShared explorationLock speedFull tech treeHidden civsTurbo modeCheats
Victory
Defeat
🇬🇪 Mongols · Georgia
1601
+12
🇬🇪 Saxons · Georgia
1595
+12
🇬🇪 Turks · Georgia
1577
+13
🇬🇪 Berbers · Georgia
1540
+14
🇺🇸 Mongols · United States
1570
-15
🇰🇿 Varangians · Kazakhstan
1503
-13
🇨🇳 Vietnamese · China
1477
-12
🇫🇷 Persians · France
1453
-11
CC呀是白日梦想家
4:25 Loom
13:34 Feudal Age
14:41 Town Watch
15:04 Double-Bit Axe
17:46 Castle Age
15:38 Gold Mining
16:02 Stone Mining
17:42 Horse Collar
18:48 Bow Saw
20:14 Heavy Plow
20:36 Fishing Lines
21:40 Fletching
22:16 Gillnets
22:48 Bodkin Arrow
24:36 Ballistics
25:30 Padded Archer Armor
26:46 Leather Archer Armor
28:29 Bloodlines
28:20 Husbandry
30:43 Wheelbarrow
30:47 Gold Shaft Mining
32:13 Stone Shaft Mining
36:19 Imperial Age
35:13 Thumb Ring
35:32 Hand Cart
37:34 Conscription
37:15 Bracer
38:17 Chemistry
chinsa_yama
12:48 Loom
14:34 Feudal Age
15:55 Double-Bit Axe
16:39 Fletching
20:19 Castle Age
18:18 Gold Mining
18:10 Horse Collar
21:03 Medium Warships
29:39 Imperial Age
33:25 Wheelbarrow
Choso
3:13 Loom
14:33 Feudal Age
18:34 Castle Age
16:28 Stone Mining
26:29 Scale Mail Armor
27:47 Chain Mail Armor
36:00 Imperial Age
35:38 Double-Bit Axe
柠檬头的喜悦
11:43 Loom
14:18 Feudal Age
18:11 Castle Age
16:06 Double-Bit Axe
16:39 Fletching
17:20 Town Watch
17:50 Gold Mining
17:50 Horse Collar
28:43 Sanctity
30:52 Devotion
38:00 Bow Saw
[TMG] purple
4:50 Loom
14:02 Feudal Age
18:00 Castle Age
15:48 Double-Bit Axe
16:37 Stone Mining
16:48 Fishing Lines
17:46 Gold Mining
19:10 Horse Collar
19:57 Bow Saw
21:05 Fletching
23:35 Bodkin Arrow
24:38 Padded Archer Armor
25:48 Wheelbarrow
30:19 Imperial Age
31:34 Bracer
33:42 Chemistry
34:29 Ballistics
35:22 Elite Camel Archer
37:01 Leather Archer Armor
37:08 Conscription
[TMG] Lucipher
10:50 Loom
13:05 Feudal Age
18:10 Castle Age
17:02 Double-Bit Axe
17:17 Fishing Lines
18:11 Fletching
19:24 Bow Saw
19:28 Bodkin Arrow
23:05 Gillnets
24:19 Padded Archer Armor
26:37 Horse Collar
31:10 Wheelbarrow
31:32 Leather Archer Armor
35:05 Ballistics
37:02 Hand Cart
38:16 Masonry
[TMG] sandriko
13:23 Feudal Age
17:30 Castle Age
16:14 Double-Bit Axe
17:42 Loom
18:22 Town Watch
18:48 Bow Saw
26:33 Fishing Lines
30:18 Forging
32:52 Scale Mail Armor
33:21 Fletching
35:34 Horse Collar
36:57 Iron Casting
40:45 Imperial Age
[TMG] zv
8:49 Loom
13:51 Feudal Age
15:37 Double-Bit Axe
18:12 Castle Age
16:42 Gold Mining
16:45 Fletching
19:08 Medium Warships
19:12 Bow Saw
18:59 Bodkin Arrow
23:56 Padded Archer Armor
25:04 Bloodlines
25:11 Leather Archer Armor
26:15 Husbandry
26:42 Ballistics
28:18 Horse Collar
34:57 Wheelbarrow
39:46 Imperial Age
38:58 Thumb Ring
Connection lost

Rejoining the realm…

Still unreachable

The connection could not be restored.

Session expired

The server has moved on; the page needs a fresh start.